 Dungeon Crawl Stone Soup version 0.31-a0-183-g4352c244c2 (webtiles) character file.

Game seed: 8652377149358713525

78 Faragor the Conjurer (level 4, -2/24 HPs)
             Began as a Deep Elf Conjurer on June 19, 2023.
             Killed by divine providence
             ... invoked by an orc priest
              (16 damage)
             ... on level 3 of the Dungeon on June 22, 2023.
             The game lasted 00:04:40 (2075 turns).

Faragor the Conjurer (Deep Elf Conjurer)            Turns: 2075, Time: 00:04:40

Health: -2/24      AC:  2    Str:  4    XL:     4   Next: 15%
Magic:  9/12       EV: 12    Int: 25    God:
Gold:   152        SH:  0    Dex: 13    Spells: 4/11 levels left

rFire   . . .        (no weapon)
rCold   . . .        (no shield)
rNeg    . . .        a - +0 robe
rPois   .            (no helmet)
rElec   .            i - scarf {shadows}
rCorr   .            (no gloves)
SInv    .            (no boots)
Will    .....        (no amulet)
Stlth   ++           (no ring)
HPRegen 0.24/turn    (no ring)
MPRegen 0.13/turn

%: no passive effects
@: no status effects
A: no striking features
a: no special abilities


You were on level 3 of the Dungeon.
You visited 1 branch of the dungeon, and saw 3 of its levels.

You collected 152 gold pieces.

Inventory:

Missiles
 n - 6 boomerangs of dispersal
Armour
 a - a +0 robe (worn)
 i - a scarf of shadows (worn)
Jewellery
 g - an amulet of regeneration
 k - an amulet of magic regeneration
Scrolls
 d - 5 scrolls of identify {unknown}
 f - a scroll of enchant armour {unknown}
 h - a scroll of enchant weapon {unknown}
 l - a scroll of teleportation {unknown}
 m - a scroll of blinking {unknown}
 o - a scroll of poison {unknown}
 q - 3 scrolls of amnesia {unknown}
 r - a scroll of revelation {unknown}
 s - a scroll of fear {unknown}
Potions
 b - a potion of magic
 c - a potion of ambrosia {unknown}
 e - 2 potions of cancellation {unknown}
 j - a potion of brilliance {unknown}
 p - a potion of attraction {unknown}
 t - 2 potions of heal wounds {unknown}


   Skills:
 - Level 2.9 Dodging
 + Level 3.8 Stealth
 + Level 4.1 Spellcasting
 + Level 5.0 Conjurations


You had 4 spell levels left.
You knew the following spells:

 Your Spells              Type           Power      Damage    Failure   Level
a - Magic Dart            Conj           100%       1d8       1%          1
b - Searing Ray           Conj           60%        2d6       1%          2
c - Fulminant Prism       Conj/Hex       8%         3d7       32%         4

Your spell library contained the following spells:

 Spells                   Type           Power      Damage    Failure   Level
 Dazzling Flash           Conj/Hex       34%        N/A       10%         3
 Iskenderun's Mystic Bla  Conj/Tloc      17%        2d5       32%         4


Dungeon Overview and Level Annotations

Branches:
Dungeon (3/15)

Altars:


Message History

Aim: a quokka (71% to hit)
The searing ray hits the quokka.
The quokka is severely wounded. (Press . to maintain the ray.)
The searing ray hits the quokka.
You kill the quokka!
Magic restored.
You see here a +0 hand axe.
An orc priest comes into view. It is wielding a +0 dagger.
You see here a bubbling yellow potion.
An orc priest is nearby!
An orc priest is nearby!
Casting: Searing Ray (safe; 1% risk of failure)
Confirm with . or Enter, or press ? or * to list all spells.
Aiming: Magic Dart (safe; 1% risk of failure)
Press: ? - help, Shift-Dir - straight line, f - orc priest
Aim: an orc priest, wielding a +0 dagger (asleep, 100% to hit)
The magic dart hits the orc priest.
The orc priest is lightly wounded.
The orc priest shouts!
You hear a shout!
The orc priest mumbles some strange prayers to Beogh against you.
Beogh smites you!
Casting: Magic Dart (safe; 1% risk of failure)
Confirm with . or Enter, or press ? or * to list all spells.
Aiming: Magic Dart (safe; 1% risk of failure)
Press: ? - help, Shift-Dir - straight line, f/p - orc priest
Aim: an orc priest, wielding a +0 dagger (lightly wounded, 100% to hit)
The magic dart hits the orc priest.
The orc priest is moderately wounded.
Casting: Magic Dart (safe; 1% risk of failure)
Confirm with . or Enter, or press ? or * to list all spells.
Aiming: Magic Dart (safe; 1% risk of failure)
Press: ? - help, Shift-Dir - straight line, f/p - orc priest
Aim: an orc priest, wielding a +0 dagger (moderately wounded, 100% to hit)
The magic dart hits the orc priest!
The orc priest is severely wounded.
The orc priest invokes the aid of Beogh against you.
Beogh smites you!
Ouch! That really hurt!
You die...

..#..###....##### .#
#.....##.##.....##.#
#####.##.##.###..#.####.
.####....##.# ##.#......
....<....##.# #....#.##
..######.##.#####.......
.##.......###.).
##.....).# #. ......@##
.......# .......#
.......# ........
......o. #.......


You could see an orc priest.

Vanquished Creatures
  Jessica (D:2)
  2 dart slugs (D:1)
  5 bats
  4 endoplasms
  A giant cockroach (D:1)
  5 goblins
  4 hobgoblins (D:1)
  4 jackals (D:1)
  A kobold (D:2)
  5 quokkas
  3 ball pythons
  5 frilled lizards
  4 rats (D:1)
44 creatures vanquished.

Notes
Turn   | Place    | Note
-------+----------+-------------------------------------------
     0 | D:1      | Faragor the Deep Elf Conjurer began the quest for the Orb.
     0 | D:1      | Reached XP level 1. HP: 10/10 MP: 6/6
   105 | D:1      | Reached XP level 2. HP: 15/15 MP: 6/8
   768 | D:1      | Upgraded the game from 0.31-a0-177-g4aa6249778 to
                  | 0.31-a0-183-g4352c244c2
   838 | D:1      | Reached XP level 3. HP: 19/19 MP: 6/10
  1277 | D:2      | Learned a level 2 spell: Searing Ray
  1733 | D:2      | Noticed Jessica
  1737 | D:2      | Killed Jessica
  1738 | D:2      | Reached skill level 5 in Conjurations
  1738 | D:2      | Reached XP level 4. HP: 14/24 MP: 6/12
  1985 | D:2      | Learned a level 4 spell: Fulminant Prism
  2075 | D:3      | Killed from afar by an orc priest

Illustrated notes

Levels and vault maps discovered:
D:1:      dpeg_arrival_rooms_with_view, layout_loops_ring, minivault_4,
          chequers_serial_rivers_large_b
D:2:      layout_basic, uniq_jessica
D:3:      layout_rooms, tso_oasis_becter

Skill      XL: |  1  2  3 |
---------------+----------+-----
Stealth        | 3 |  3.8
Spellcasting   | 4 |  4.1
Conjurations   | 5 |  5.0
Dodging        | |  2.9

Action                     |  1- 3 |  4- 6 || total
---------------------------+-------+-------++-------
   Cast: Magic Dart        |    76 |     6 ||    82
         Searing Ray       |     1 |     2 ||     3
  Dodge: Dodged            |     2 |       ||     2

Table legend: (Time is in decaauts)
 A = Elapsed time spent in this place.
 B = Non-inter-level travel time spent in this place.
 C = Inter-level travel time spent in this place.
 D = Time resting spent in this place.
 E = Time spent auto-exploring this place.
 F = Levels seen in this place.
 G = Mean time per level.
                   A        B        C        D        E       F      G
               +--------+--------+--------+--------+--------+-----+--------+
         Total |   2100 |   2028 |     72 |     57 |   1789 |   3 |  700.0 |
       Dungeon |   2100 |   2028 |     72 |     57 |   1789 |   3 |  700.0 |
               +--------+--------+--------+--------+--------+-----+--------+

Top non-repeatable levels by time:
     D:1: 1298 daAuts
     D:2: 732 daAuts
     D:3: 69 daAuts
